 Dungeon Crawl Stone Soup version 0.32-a0-720-g1d96ad090f (webtiles) character file.

Game seed: 2523279224609152742

163 Nvm9 the Trooper (level 5, -1/42 HPs)
             Began as a Demonspawn Fighter on Mar 16, 2024.
             Was an Initiate of Qazlal.
             Succumbed to a scorpion's poison
             ... on level 5 of the Dungeon.
             The game lasted 00:06:09 (2738 turns).

Nvm9 the Trooper (Demonspawn Fighter)               Turns: 2738, Time: 00:06:10

Health: -1/42      AC:  8    Str: 24    XL:     5   Next: 20%
Magic:  5/5        EV:  8    Int:  8    God:    Qazlal [......]
Gold:   111        SH:  4    Dex: 13    Spells: 4/4 levels left

rFire   . . .        w - +2 war axe (flame)
rCold   + . .        c - +0 buckler
rNeg    . . .        b - +0 scale mail
rPois   .            (helmet restricted)
rElec   .            (no cloak)
rCorr   .            o - +0 pair of gloves
SInv    .            (no boots)
Will    .....        (no amulet) Stlth
                     j - +6 ring of strength
HPRegen 0.27/turn    k - ring of protection from cold
MPRegen 0.18/turn

%: no passive effects
@: lethally poisoned (-1 -> -11)
A: powered by pain 1, magic regeneration, weakness stinger 1, hooves 1, horns 1,
wild magic 1
a: Renounce Religion


You were on level 5 of the Dungeon.
You worshipped Qazlal.
Qazlal was noncommittal.
You visited 2 branches of the dungeon, and saw 6 of its levels.

You collected 111 gold pieces.

Inventory:

Hand Weapons
 a - a +0 war axe
 w - a +2 war axe of flaming (weapon)
Armour
 b - a +0 scale mail (worn)
 c - a +0 buckler (worn)
 o - a +0 pair of gloves (worn)
 x - a +0 pair of boots
Jewellery
 j - a +6 ring of strength (left hand)
 k - a ring of protection from cold (right hand)
Scrolls
 f - 4 scrolls of enchant weapon {unknown}
 h - a scroll of silence {unknown}
 l - 2 scrolls of fog {unknown}
 p - a scroll of poison {unknown}
 r - a scroll of amnesia {unknown}
 t - a scroll of vulnerability {unknown}
 u - a scroll of noise {unknown}
 y - a scroll of torment {unknown}
Potions
 d - 4 potions of might
 e - a potion of resistance {unknown}
 g - a potion of curing
 i - 2 potions of brilliance {unknown}
 n - a potion of berserk rage {unknown}
 q - a potion of cancellation {unknown}
 s - a potion of magic {unknown}
 v - a potion of invisibility {unknown}


   Skills:
 * Level 4.0 Fighting
 * Level 2.8 Axes
 * Level 3.3 Armour
 * Level 3.4 Shields
 + Level 1.0 Unarmed Combat


You had 4 spell levels left.
You didn't know any spells.
Your spell library contained the following spells:

 Spells                   Type           Power      Damage    Failure   Level
 Lesser Beckoning         Tloc           0%         N/A       92%         2
 Gell's Gravitas          Tloc           0%         N/A       99%         3
 Teleport Other           Tloc           0%         N/A       99%         3


Dungeon Overview and Level Annotations

Branches:
Dungeon (5/15)             Temple (1/1) D:4

Altars:
Ashenzari
Dithmenos
Gozag
Hepliaklqana
Okawaru
Qazlal
Ru
Trog
Vehumet

Shops:
D:4 *

Annotations:
D:3 3 runed translucent doors, Fandomethor's ghost, amateur MfGl
D:4 Edmund
D:5 Prince Ribbit; Sigmund


Innate Abilities, Weirdness & Mutations

You sometimes gain a little power by taking damage.
You regenerate magic rapidly.
You have a small tail.
You have large cloven feet.
You have a pair of small horns on your head.
Your spells are a little harder to cast, but a little more powerful.


Message History

The scorpion stings you. The hound bites you.
You're too confused to move!
The hound bites you.
The scorpion stings you but does no damage.
The orc hits you with a +0 flail.
Sigmund points at you and mumbles some strange words.
The magic dart hits you. The orc closely misses you.
Prince Ribbit blinks!
You miss the scorpion. You miss the orc. You barely miss the hound.
You barely miss the orc. The hound bites you. The scorpion stings you.
* * * LOW HITPOINT WARNING * * *
You are lethally poisoned!
The scorpion poisons you! The hound bites you but does no damage.
The orc barely misses you. The orc hits you but does no damage.
Sigmund barely misses you.
The orc hits you from afar with a +0 trident.
* * * LOW HITPOINT WARNING * * *
The scorpion misses you. The hound bites you but does no damage.
The orc hits you but does no damage. The orc closely misses you.
The orc completely misses you.
Unknown command.
You bump into the rock wall.
* * * LOW HITPOINT WARNING * * *
You feel very sick.
The sleepcap releases spores at you but does no damage.
The scorpion stings you but does no damage.
Prince Ribbit blinks!
The hound bites you.
* * * LOW HITPOINT WARNING * * *
Sigmund casts a spell.
Sigmund flickers and vanishes!
Deactivating autopickup; reactivate with Ctrl-A.
The orc barely misses you. The orc hits you with a +0 dagger.
* * * LOW HITPOINT WARNING * * *
The orc barely misses you.
You barely miss the sleepcap. You kick the sleepcap.
You headbutt the sleepcap, but do no damage.
Your tail-slap misses the sleepcap.
The sleepcap is lightly damaged.
You barely miss the scorpion. You closely miss the orc. You miss the orc.
You barely miss the hound.
You feel less confused.
You die...

### ### .........##
##.#####.##
..........#
#..........
..........#
##..........
..........#
#...........
..........#
#...........
.....o....#
#..........#
......oo.#
#.........##
......h@.#
#.........#.
......sf##
#........... ....F.{.#
#.........##
#.......###
#........##
#......#..###......<##
#.....####..#......##
#..... ##.......##
##...# ###f...#....
#### ##.........


You could see Prince Ribbit, a sleepcap, a scorpion, a hound and 3 orcs.

Vanquished Creatures
  A bombardier beetle (D:3)
  3 gnolls (D:3)
  A ribbon worm (D:2)
  3 dart slugs
  10 orcs
  9 endoplasms
  3 giant cockroaches
  3 goblins (D:1)
  7 hobgoblins
  6 jackals (D:3)
  10 kobolds
  2 quokkas
  6 ball pythons
  3 bats
  4 frilled lizards (D:1)
  8 rats
79 creatures vanquished.

Notes
Turn   | Place    | Note
-------+----------+-------------------------------------------
     0 | D:1      | Nvm9 the Demonspawn Fighter began the quest for the Orb.
     0 | D:1      | Reached XP level 1. HP: 18/18 MP: 1/1
   110 | D:1      | Gained mutation: You have a small tail. [demonic ancestry]
   110 | D:1      | Reached XP level 2. HP: 21/24 MP: 2/2
   481 | D:1      | Gained mutation: You regenerate magic rapidly. [demonic
                  | ancestry]
   481 | D:1      | Reached XP level 3. HP: 24/29 MP: 3/3
   850 | D:2      | Gained mutation: You have large cloven feet. [potion of
                  | mutation]
   850 | D:2      | Gained mutation: You have a pair of small horns on your
                  | head. [potion of mutation]
   850 | D:2      | Gained mutation: Your spells are a little harder to cast,
                  | but a little more powerful. [potion of mutation]
  1513 | D:3      | Found a runed translucent gate.
  1513 | D:3      | Noticed Fandomethor's ghost (amateur MfGl)
  1514 | D:3      | Found a runed translucent gate.
  1518 | D:3      | Found a runed translucent gate.
  1534 | D:3      | Reached XP level 4. HP: 19/35 MP: 4/4
  2013 | D:3      | Gained mutation: You sometimes gain a little power by
                  | taking damage. [demonic ancestry]
  2013 | D:3      | Reached XP level 5. HP: 42/42 MP: 5/5
  2282 | D:4      | Noticed Edmund
  2285 | D:4      | Reached skill level 1 in Unarmed Combat
  2285 | D:4      | Found a staircase to the Ecumenical Temple.
  2463 | D:4      | Reached skill level 4 in Fighting
  2513 | D:4      | Found Odean's Assorted Antiques.
  2522 | Temple   | Entered the Ecumenical Temple
  2645 | Temple   | Became a worshipper of Qazlal Stormbringer
  2685 | D:5      | Entered Level 5 of the Dungeon
  2719 | D:5      | Noticed Prince Ribbit
  2729 | D:5      | Noticed Sigmund
  2737 | D:5      | HP: 2/42 [orc/+0 dagger (3)]
  2738 | D:5      | Succumbed to a scorpion's poison

Illustrated notes

Levels and vault maps discovered:
D:1:      dpeg_arrival_tiny_a, layout_basic, serial_forest,
          infiniplex_forest_straight_2, infiniplex_forest_clump_tiny,
          infiniplex_forest_split, infiniplex_forest_corner_1
D:2:      minmay_spotlight, layout_basic, item_on_display_a
D:3:      layout_loops_ring, mainiacjoe_overflow_six_doors_small, zin_statuary,
          gammafunk_ghost_split, grunt_ministairs_14, kennysheep_generic_room_10
D:4:      layout_loops_cross, bloody_makhleb, temple_pool_b,
          lightli_ossuary_entry_decrepit_ruins, serial_shops, shop, uniq_edmund
D:5:      layout_cave_pods, mainiacjoe_overflow_tiny_flanked,
          gammafunk_temple_overflow_statue, minmay_puff, uniq_sigmund,
          uniq_crazy_yiuf_cottage, uniq_prince_ribbit1, uniq_grinder
Temple:   eino_temple_lava

Skill      XL: |  1  2  3  4  5 |
---------------+----------------+-----
Axes           | 2 |  2.8
Shields        | 3 |  3.4
Armour         | 3 |  3.3
Unarmed Combat | 1 |  1.0
Fighting       | 4 |  4.0

Action                     |  1- 3 |  4- 6 || total
---------------------------+-------+-------++-------
  Melee: War axe           |   155 |    50 ||   205
         Tailslap          |    18 |     5 ||    23
         Kick              |    11 |    15 ||    26
         Headbutt          |     6 |    10 ||    16
    Use: Potion            |     2 |       ||     2
         Scroll            |       |     1 ||     1
 Armour: Scale mail        |    80 |    83 ||   163
  Dodge: Dodged            |    47 |    55 ||   102
  Block: Buckler           |    33 |    25 ||    58

Table legend: (Time is in decaauts)
 A = Elapsed time spent in this place.
 B = Non-inter-level travel time spent in this place.
 C = Inter-level travel time spent in this place.
 D = Time resting spent in this place.
 E = Time spent auto-exploring this place.
 F = Levels seen in this place.
 G = Mean time per level.
                   A        B        C        D        E       F      G
               +--------+--------+--------+--------+--------+-----+--------+
         Total |   2822 |   2712 |    110 |    222 |   1723 |   6 |  470.3 |
       Dungeon |   2689 |   2579 |    110 |    179 |   1723 |   5 |  537.8 |
        Temple |    132 |    132 |      0 |     43 |      0 |   1 |  132.0 |
               +--------+--------+--------+--------+--------+-----+--------+

Top non-repeatable levels by time:
     D:3: 962 daAuts
     D:1: 886 daAuts
     D:2: 604 daAuts
     D:4: 182 daAuts
  Temple: 132 daAuts
     D:5: 53 daAuts
